 Dungeon Crawl Stone Soup version 0.21.0-3-g78d12a8bdd (webtiles) character file.

50521 Macka the Bewitcher (level 14, -1/100 HPs)
             Began as a Formicid Enchanter on Jan 9, 2018.
             Was a High Priest of Sif Muna.
             Shot with a bolt by an orc warrior (7 damage)
             ... on level 2 of the Orcish Mines.
             The game lasted 02:24:21 (27100 turns).

Macka the Bewitcher (Formicid Enchanter)           Turns: 27100, Time: 02:24:21

Health: -1/100     AC: 13    Str: 21    XL:     14   Next: 97%
Magic:  3/29       EV: 14    Int: 16    God:    Sif Muna [*****.]
Gold:   2356       SH:  5    Dex: 16    Spells: 22/35 levels left

rFire    + . .     SeeInvis +   a - +11 rapier "Dragonslayer" {drain, rF+}
rCold    . . .     Gourm    .   P - +0 buckler
rNeg     . . .     Faith    .   o - +0 troll leather armour
rPois    .         Spirit   .   (helmet unavailable)
rElec    .         Reflect  .   (no cloak)
rCorr    .         Harm     .   r - +0 pair of gloves
MR       +....                  B - +0 pair of boots
Stlth    ++++......             (no amulet)
HPRegen  0.66/turn              y - +4 ring of strength
MPRegen  0.21/turn              i - +5 ring of dexterity

@: icy armour, very slightly contaminated, invisible, slow
A: permanent stasis, dig shafts and tunnels, four strong arms, antennae 3
a: Dig, Shaft Self, Divine Energy, Channel Magic, Forget Spell, Renounce
Religion


You were on level 2 of the Orcish Mines.
You worshipped Sif Muna.
Sif Muna was extremely pleased with you.
You were not hungry.

You visited 4 branches of the dungeon, and saw 22 of its levels.

You collected 2427 gold pieces.
You spent 71 gold pieces at shops.

Inventory:

Hand Weapons
 a - the +11 rapier "Dragonslayer" (weapon) {drain, rF+}
   (You found it on level 7 of the Dungeon)

   A truly terrible weapon, it drains the life of those it strikes.
   It protects you from fire.
 b - the +9 spear of Addeaqia {protect, rC+}
   (You found it on level 4 of the Lair of Beasts)

   It protects the one who uses it against injury (+AC on strike).
   It protects you from cold.
 c - a +4 short sword of venom
 d - the +6 flail of Resumed Hostilities {flame, MR+ Str+3}
   (You took it off an orc on level 12 of the Dungeon)

   It has been specially enchanted to burn those struck by it, causing extra
   injury to most foes and up to half again as much damage against particularly
   susceptible opponents.
   It affects your strength (+3).
   It affects your resistance to hostile enchantments.
 v - a +2 dagger of venom
 w - a +2 dagger of venom
Armour
 k - +0 fire dragon scales
 o - a +0 troll leather armour (worn)
 p - a +2 ring mail of magic resistance
 r - a +0 pair of gloves (worn)
 B - a +0 pair of boots (worn)
 P - a +0 buckler (worn)
Magical Staves
 D - an uncursed staff of poison
Jewellery
 e - an uncursed ring of magical power
 f - an uncursed ring of ice
 g - an uncursed ring of poison resistance
 i - a +5 ring of dexterity (right hand)
 t - an uncursed ring of resist corrosion
 y - a +4 ring of strength (left hand)
Scrolls
 l - a scroll of blinking {unknown}
 x - 11 scrolls of remove curse
 z - 7 scrolls of identify
 O - 2 scrolls of magic mapping
Potions
 s - 4 potions of flight
 u - 2 potions of heal wounds
Books
 j - a book of Unlife

   Spells                             Type                      Level
   a - Recall                         Summoning/Translocation      3
   b - Animate Dead                   Necromancy                   4
   c - Borgnjor's Vile Clutch         Necromancy/Earth             5
   d - Death Channel                  Necromancy                   6
   e - Simulacrum                     Ice/Necromancy               6
 n - a book of Frost

   Spells                             Type                      Level
   a - Freeze                         Ice                          1
   b - Throw Frost                    Conjuration/Ice              2
   c - Ozocubu's Armour               Charms/Ice                   3
   d - Throw Icicle                   Conjuration/Ice              4
   e - Summon Ice Beast               Ice/Summoning                4
Comestibles
 h - 38 rations
 q - 9 chunks of flesh


   Skills:
 - Level 6.0 Fighting
 - Level 1.0(2.0) Short Blades
   Level 2.8(3.0) Long Blades
 - Level 6.0 Armour
 - Level 4.0 Dodging
 - Level 10.0 Stealth
 - Level 3.0 Shields
 - Level 11.0 Spellcasting
 - Level 20.0 Hexes
 * Level 2.7 Charms
 - Level 3.7 Transmutations
 * Level 2.7 Ice Magic
 - Level 4.1 Earth Magic


You had 22 spell levels left.
You knew the following spells:

 Your Spells              Type           Power        Failure   Level  Hunger
a - Slow                  Hex            ######..     0%          2    None
b - Confuse               Hex            ######..     0%          3    None
c - Ozocubu's Armour      Chrm/Ice       ###.....     9%          3    None
d - Petrify               Tmut/Erth      ###.....     19%         4    ###....
e - Corona                Hex            ######.      0%          1    None


Dungeon Overview and Level Annotations

Branches:
Dungeon (13/15)            Temple (1/1) D:7            Lair (6/6) D:8
 Shoals (0/4) Lair:3       Spider (0/4) Lair:2        Slime (0/5) Lair:5
    Orc (2/2) D:10            Elf (0/3) Orc:2
 Vaults: D:13-14

Altars:
Ashenzari
Cheibriados
Dithmenos
Elyvilon
Fedhas
Gozag
Hepliaklqana
Kikubaaqudgha
Makhleb
Nemelex Xobeh
Okawaru
Qazlal
Ru
Sif Muna
Trog
Uskayaw
Vehumet
Wu Jian
Xom
Yredelemnul
Zin
The Shining One
Jiyva

Shops:
D:4 ?   D:12 =   Orc:2 [

Annotations:
D:12 Manul's ghost, journeyman SpAK
D:13 exclusion: skeletal warrior, Josephine; Ykky's ghost, journeyman VSMo
Orc:1 Urug


Innate Abilities, Weirdness & Mutations

You cannot be hasted, slowed, berserked, paralysed or teleported.
You can dig through walls and to a lower floor.
Your four strong arms can wield two-handed weapons with a shield.
You have a pair of large antennae on your head. (SInv)


Message History

The troll shouts!
The orc shouts!
The ogre shouts! x2
The orc knight shouts!
The orc shouts!
The ogre shouts!
You hear a shout! x4
The orc warrior hits you but does no damage.
You block the gnoll sergeant's attack.
You climb downwards.
Beware, you cannot shaft yourself on this level.
There is a stone staircase leading up here.
You fade into invisibility!
You are very lightly contaminated with residual magic.
The orc warrior shoots a bolt.
The bolt hits the orc warrior!
You hear a howl!
The orc warrior shoots a bolt.
The bolt hits you!
You die...

##.......##{..)..###
###.#.........$.#$# .#
#.........†#### .##
#....o....#(# ..#
#......###{#
..#####.....oo<###
......#..........#
...<.............##
.........##.#...@.###
..))...#.####.......##
...)...#####.........#
.....).#..#........###
....#..[........##.#
....#...........####
....#............#
...##...........##
..####.........##


You could see 3 orc warriors.

Vanquished Creatures
  A dire elephant (Lair:6)
  A fire dragon (Lair:2)
  An anaconda (Lair:6)
  4 hydras
  6 two-headed ogres
  4 death yaks
  The ghost of Noxor the Conjurer, a novice OpCj of Fedhas (D:6)
  The ghost of KamiKatze the Cutter, a novice VSFi (D:5)
  A cyclops (D:11)
  A manticore (D:13)
  4 oklob plants (Lair:3)
  2 deep elf magi
  An ugly thing (D:11)
  7 elephants
  4 black mambas
  3 merfolk sirens (Lair:3)
  A rime drake (Lair:6)
  4 komodo dragons
  11 spiny frogs
  3 trolls
  A polar bear (Lair:5)
  A merfolk (Lair:3)
  The ghost of marsu the Chopper, an amateur BaFi (D:4)
  Prince Ribbit (D:5)
  2 meliai zombies
  5 dream sheep (Lair:6)
  12 blink frogs
  7 hippogriffs
  3 shadows
  4 wraiths (D:12)
  45 yaks
  2 wyverns
  A human (D:7)
  4 hogs (D:7)
  3 hungry ghosts (D:10)
  Menkaure (D:7)
  2 basilisks
  2 vampire mosquitoes (D:12)
  A warg (D:10)
  Duvessa (D:7)
  12 porcupines
  13 water moccasins
  7 orc warriors
  2 black bears
  5 ice beasts
  3 sky beasts
  The ghost of Asanbosam the Covered, an amateur DDFi (D:3)
  An eye of draining (D:10)
  9 ogres
  4 phantoms
  10 wolves (Lair:2)
  8 centaurs
  12 crocodiles
  2 big kobolds (D:7)
  14 bullfrogs
  11 scorpions
  4 jellies
  Dowan (D:7)
  5 wights (D:10)
  2 howler monkeys (D:6)
  3 crimson imps
  2 quasits
  7 hounds
  13 orc priests
  2 bullfrog skeletons
  3 centaur skeletons
  Terence (D:2)
  2 iguanas
  15 orc wizards
  2 hell rats (Lair:1)
  8 worker ants
  6 ogre zombies (D:10)
  A hound zombie (D:7)
  A howler monkey zombie (D:9)
  17 gnolls
  A howler monkey skeleton (D:6)
  10 adders
  11 river rats (Lair:1)
  3 shadow imps (D:5)
  2 oozes
  An adder zombie (D:7)
  5 worms
  4 dart slugs
  2 leopard geckos
  59 orcs
  5 giant cockroaches
  15 goblins
  13 hobgoblins
  10 jackals
  5 quokkas
  5 ball pythons
  A ball python skeleton (D:5)
  8 bats
  4 frilled lizards (D:2)
  2 goblin zombies (D:10)
  A hobgoblin skeleton (D:10)
  A hobgoblin zombie (D:10)
  A jackal skeleton (D:5)
  A jackal zombie (D:6)
  19 kobolds
  A leopard gecko zombie (D:6)
  An orc skeleton (D:10)
  14 orc zombies (D:10)
  9 rats
  A spectral orc (D:2)
  A butterfly (Lair:5)
  4 fungi
  5 plants
594 creatures vanquished.

Vanquished Creatures (collateral kills)
  An orc (Orc:2)
1 creature vanquished.

Vanquished Creatures (others)
  13 fungi
  17 plants
30 creatures vanquished.

Grand Total: 625 creatures vanquished

Notes
Turn   | Place    | Note
-------+----------+-------------------------------------------
     0 | D:1      | Macka the Formicid Enchanter began the quest for the Orb.
     0 | D:1      | Reached XP level 1. HP: 13/13 MP: 3/3
    53 | D:1      | Reached skill level 1 in Fighting
   158 | D:1      | Reached XP level 2. HP: 17/21 MP: 3/5
   808 | D:1      | Reached XP level 3. HP: 23/28 MP: 4/6
   813 | D:1      | Learned a level 3 spell: Confuse
  1207 | D:2      | Noticed Terence
  1705 | D:2      | Found a basalt altar of Yredelemnul.
  1822 | D:2      | Reached XP level 4. HP: 8/35 MP: 5/7
  2067 | D:2      | Found a burning altar of Makhleb.
  2234 | D:2      | Reached skill level 4 in Hexes
  2519 | D:3      | Reached skill level 5 in Stealth
  2523 | D:3      | Reached XP level 5. HP: 35/41 MP: 1/8
  2743 | D:3      | Found an opulent altar of Gozag.
  2748 | D:3      | Found a hide-covered altar of Uskayaw.
  2805 | D:3      | Noticed Asanbosam's ghost (amateur DDFi)
  3270 | D:4      | Found an iron altar of Okawaru.
  3386 | D:4      | Noticed an ogre
  3393 | D:4      | Found Zadus's Magic Scroll Boutique.
  3424 | D:4      | Bought a scroll of magic mapping for 45 gold pieces
  3424 | D:4      | Bought a scroll of identify for 26 gold pieces
  3447 | D:4      | Found a sparkling altar of Nemelex Xobeh.
  3475 | D:4      | Noticed marsu's ghost (amateur BaFi)
  3745 | D:4      | Reached skill level 5 in Hexes
  4045 | D:5      | Entered Level 5 of the Dungeon
  4132 | D:5      | Found a blossoming altar of Fedhas.
  4156 | D:6      | Noticed a bullfrog
  4176 | D:6      | Noticed a bullfrog
  4341 | D:7      | Noticed an ogre
  4357 | D:7      | Noticed Dowan
  4482 | D:7      | Noticed an ogre
  4549 | D:6      | Noticed Noxor's ghost (novice OpCj)
  4559 | D:6      | Noticed a bullfrog
  4652 | D:7      | Found a staircase to the Ecumenical Temple.
  4659 | Temple   | Entered the Ecumenical Temple
  4665 | Temple   | Became a worshipper of Sif Muna the Loreminder
  4923 | D:7      | Reached skill level 6 in Hexes
  4923 | D:7      | Reached XP level 6. HP: 47/47 MP: 5/9
  5077 | D:7      | Noticed Menkaure
  5216 | D:7      | Found an opulent altar of Gozag.
  5362 | D:7      | Reached XP level 7. HP: 35/52 MP: 11/11
  5550 | D:7      | Reached skill level 7 in Hexes
  5555 | D:7      | Got a scorched rapier
  5562 | D:7      | Identified the +11 rapier "Dragonslayer" {drain, rF+} (You found it on level 7 of the Dungeon)
  5687 | D:7      | Reached * piety under Sif Muna
  5687 | D:7      | Reached skill level 8 in Hexes
  5722 | D:7      | Reached XP level 8. HP: 54/58 MP: 12/12
  5772 | D:7      | Noticed a hog
  5772 | D:7      | Noticed a hog
  5772 | D:7      | Noticed a human
  6091 | D:7      | Reached skill level 9 in Hexes
  6228 | D:6      | Reached skill level 1 in Armour
  6347 | D:5      | Reached ** piety under Sif Muna
  6438 | D:5      | Reached skill level 1 in Long Blades
  6482 | D:5      | Reached skill level 10 in Hexes
  6700 | D:5      | Reached XP level 9. HP: 63/65 MP: 10/14
  6732 | D:5      | Noticed Prince Ribbit
  6747 | D:5      | Killed Prince Ribbit
  7101 | D:5      | Noticed KamiKatze's ghost (novice VSFi)
  7747 | D:2      | Killed Terence
  7899 | D:3      | Killed Asanbosam's ghost
  8158 | D:4      | Killed marsu's ghost
  8241 | D:5      | Killed KamiKatze's ghost
  8241 | D:5      | Reached skill level 5 in Fighting
  8258 | D:6      | Found a shattered altar of Ashenzari.
  8267 | D:6      | Reached skill level 5 in Spellcasting
  8274 | D:6      | Got a bronze leather armour
  8293 | D:6      | Identified the cursed +1 leather armour "Zumewoni" {Dex+2 SInv} (You found it on level 6 of the Dungeon)
  8335 | D:6      | Reached XP level 10. HP: 72/74 MP: 17/17
  8451 | D:6      | Reached skill level 11 in Hexes
  8556 | D:6      | Killed Noxor's ghost
  8556 | D:6      | Reached *** piety under Sif Muna
  8556 | D:6      | Reached skill level 5 in Armour
  8913 | D:7      | Noticed Duvessa
  8923 | D:7      | Killed Dowan
  8924 | D:7      | Killed Duvessa
  9099 | D:7      | Killed Menkaure
  9596 | D:7      | Reached skill level 1 in Shields
  9679 | D:8      | Noticed a two-headed ogre
  9811 | D:8      | Reached **** piety under Sif Muna
 10126 | D:8      | Reached skill level 12 in Hexes
 10430 | D:8      | Found a staircase to the Lair.
 10522 | D:8      | Reached XP level 11. HP: 62/79 MP: 22/22
 11164 | D:8      | Killed a two-headed ogre
 11355 | D:9      | Noticed a two-headed ogre
 11372 | D:9      | Killed a two-headed ogre
 11428 | D:9      | Noticed a two-headed ogre
 11710 | D:9      | Reached skill level 13 in Hexes
 11999 | D:9      | Killed a two-headed ogre
 11999 | D:9      | Reached ***** piety under Sif Muna
 11999 | D:9      | Received a gift from Sif Muna
 12004 | D:9      | Learned a level 2 spell: Slow
 12127 | D:10     | Entered Level 10 of the Dungeon
 13252 | D:10     | Found a staircase to the Orcish Mines.
 13255 | D:10     | Reached skill level 14 in Hexes
 14022 | D:11     | Noticed a two-headed ogre
 14040 | D:11     | Killed a two-headed ogre
 14061 | D:11     | Reached XP level 12. HP: 86/86 MP: 25/25
 14426 | D:11     | Reached skill level 15 in Hexes
 14972 | D:12     | Noticed a two-headed ogre
 15138 | D:12     | Killed a two-headed ogre
 15229 | D:12     | Found Liykop's Jewellery Emporium.
 15301 | D:12     | Identified Gucs's Catalogue of Captivating Transmutation (Sif Muna gifted it to you on level 12 of the Dungeon)
 15301 | D:12     | Received a gift from Sif Muna
 15354 | D:12     | Got a smoking flail {flame}
 15356 | D:12     | Identified the +6 flail of Resumed Hostilities {flame, MR+ Str+3} (You took it off an orc on level 12 of the Dungeon)
 15373 | D:12     | Found a runed door.
 15415 | D:12     | Got a steaming long sword
 15417 | D:12     | Identified the cursed +3 long sword "Ynutynop" {slice, Fragile +Fly Str+3 Dex+2} (You found it on level 12 of the Dungeon)
 15601 | D:13     | Noticed a skeletal warrior
 15671 | D:13     | Noticed Ykky's ghost (journeyman VSMo)
 15826 | D:12     | Noticed Manul's ghost (journeyman SpAK)
 15995 | D:13     | Noticed a skeletal warrior
 15995 | D:13     | Noticed a skeletal warrior
 16049 | D:13     | Noticed Josephine
 16058 | D:12     | Reached skill level 10 in Stealth
 16197 | Orc:1    | Entered Level 1 of the Orcish Mines
 16364 | D:10     | Reached skill level 16 in Hexes
 16413 | Orc:1    | Noticed a two-headed ogre
 16473 | Orc:1    | Killed a two-headed ogre
 16473 | Orc:1    | Reached XP level 13. HP: 93/93 MP: 26/26
 16756 | Lair:1   | Entered Level 1 of the Lair of Beasts
 17638 | Lair:1   | Reached skill level 17 in Hexes
 18126 | Lair:2   | Found a hole to the Spider Nest.
 18444 | Lair:2   | Noticed a fire dragon
 18583 | Lair:2   | Got a bloodstained long sword
 18584 | Lair:2   | Identified the +3 long sword of the Realm of Zot {holy, Fragile +Inv rC+} (You found it on level 2 of the Lair of Beasts)
 19024 | Lair:3   | Reached skill level 18 in Hexes
 20080 | Lair:4   | Noticed an eight-headed hydra
 20101 | Lair:4   | Killed an eight-headed hydra
 20101 | Lair:4   | Received a gift from Sif Muna
 20413 | Lair:4   | Reached skill level 19 in Hexes
 20576 | Lair:4   | Got a bloodstained spear
 20577 | Lair:4   | Identified the +9 spear of Addeaqia {protect, rC+} (You found it on level 4 of the Lair of Beasts)
 20688 | Lair:4   | Reached XP level 14. HP: 84/100 MP: 23/27
 21711 | Lair:5   | Found a viscous altar of Jiyva.
 21711 | Lair:5   | Found a staircase to the Slime Pits.
 21953 | Lair:6   | Entered Level 6 of the Lair of Beasts
 21985 | Lair:6   | Identified Sif Muna's Papyrus of the Entourage (Sif Muna gifted it to you on level 6 of the Lair of Beasts)
 21985 | Lair:6   | Received a gift from Sif Muna
 22018 | Lair:6   | Reached skill level 10 in Spellcasting
 22437 | Lair:6   | Reached skill level 20 in Hexes
 23134 | D:8      | Learned a level 4 spell: Petrify
 23257 | Lair:2   | Reached skill level 1 in Earth Magic
 23412 | Lair:3   | Found a staircase to the Shoals.
 23431 | Lair:3   | Reached skill level 1 in Transmutations
 24260 | Lair:6   | Noticed a dire elephant
 24288 | Lair:6   | Killed a dire elephant
 24303 | Lair:6   | Noticed a dire elephant
 24376 | Lair:6   | Noticed a dire elephant
 25251 | Lair:3   | Learned a level 3 spell: Ozocubu's Armour
 25715 | Lair:4   | Reached skill level 1 in Charms
 25715 | Lair:4   | Reached skill level 1 in Ice Magic
 26550 | Lair:6   | Noticed a dire elephant
 26723 | Orc:2    | Entered Level 2 of the Orcish Mines
 26818 | Orc:2    | Found a staircase to the Elven Halls.
 26972 | Orc:2    | Found Murch's Antique Armour Emporium.
 27090 | Orc:2    | HP: 2/100 [orc warrior/bolt (6)]
 27094 | Orc:1    | Noticed Urug
 27100 | Orc:2    | Shot with a bolt by an orc warrior

Skill      XL: |  1  2  3  4  5  6  7  8  9 10 11 12 13 14 |
---------------+-------------------------------------------+-----
Fighting       | 1 2 3 5 6 |  6.0
Dodging        | 2 3 4 |  4.0
Stealth        | 5 6 10 | 10.0
Hexes          | 4 6 8 10 12 14 16 19 20 | 20.0
Spellcasting   | 3 5 7 9 11 | 11.0
Armour         | 2 4 5 6 |  6.0
Long Blades    | 1 2 |  2.8
Shields        | 3 |  3.0
Earth Magic    | 4 |  4.1
Transmutations | 3 |  3.7
Charms         | 2 |  2.7
Ice Magic      | 2 |  2.7
Short Blades   | |  1.0

Action                   |  1- 3 |  4- 6 |  7- 9 | 10-12 | 13-15 || total
-------------------------+-------+-------+-------+-------+-------++-------
Melee: Dagger            |   133 |   234 |       |       |       ||   367
       Whip              |       |    32 |     5 |       |       ||    37
       Rapier            |       |       |   179 |   646 |   686 ||  1511
       Long sword        |       |       |       |    15 |       ||    15
       Spear             |       |       |       |       |   296 ||   296
 Cast: Corona            |    37 |    35 |    16 |    28 |     1 ||   117
       Confuse           |     1 |    23 |    38 |   163 |   251 ||   476
       Slow              |       |       |       |    50 |   167 ||   217
       Ozocubu's Armour  |       |       |       |       |     2 ||     2
 Abil: Dig               |     1 |     9 |     1 |    16 |    34 ||    61
  Use: Scroll            |       |     5 |       |     8 |     4 ||    17
       Potion            |       |       |       |     1 |     3 ||     4
 Stab: Sleeping          |     8 |     5 |     3 |    25 |     4 ||    45
       Confused          |       |     9 |    10 |    55 |    81 ||   155
       Distracted        |       |     2 |       |       |       ||     2
  Eat: Chunk             |     4 |    16 |     8 |    31 |    27 ||    86
       Ration            |       |       |     1 |     1 |     3 ||     5
Armor: Robe              |    47 |    21 |       |       |       ||    68
       Ring mail         |       |    51 |    36 |       |     5 ||    92
       Leather armour    |       |       |     1 |    62 |       ||    63
       Troll leather arm |       |       |       |    19 |    88 ||   107
       Fire dragon scale |       |       |       |       |     2 ||     2
Dodge: Dodged            |   101 |   131 |    80 |   262 |   266 ||   840
Block: Buckler           |       |       |       |    60 |    97 ||   157
